[Event "Titled Tuesday Blitz June 07 Early 2022"]
[White "Leenhouts, Koen"]
[Black "Preotu, Razvan"]
[WhiteFideId "1008439"]
[BlackFideId "2613280"]
[WhiteElo "2409"]
[BlackElo "2407"]
[Result "0-1"]
[Round "11"]
[TimeControl "180+1"]
[Date "2022.06.07"]
[WhiteClock "0:00:04"]
[BlackClock "0:00:07"]

1. e4 c5 2. Nf3 d6 3. c3 Nf6 4. h3 Nc6 5. Bd3 e5 6. O-O g5 7. Bc4 Rg8 8. d4 Nxe4 9. dxe5 g4 10. Qd5 Be6 11. Qxe4 d5 12. Qxh7 gxf3 13. Qxg8 dxc4 14. Bh6 Qe7 15. Qxf8+ Qxf8 16. Bxf8 Kxf8 17. Re1 Rd8 18. Na3 Rd2 19. Nb5 Rxb2 20. Nd6 b6 21. gxf3 Ne7 22. Re4 Nd5 23. Nxc4 Rc2 24. Ne3 Rxc3 25. Nxd5 Bxd5 26. Re3 Rc2 27. a3 Ke7 28. Rd1 Be6 29. Kg2 c4 30. Kg3 b5 31. h4 a5 32. h5 b4 33. h6 Bf5 34. Rd6 b3 35. Kf4 Bh7 36. Rb6 b2 37. Rb7+ Ke6 38. Rb6+ Ke7 39. Rb7+ Ke6 40. Rb6+ Kd5 41. e6 fxe6 42. Re5+ Kd4 43. Rd6+ Kc3 44. Re3+ Bd3 45. h7 b1=Q 46. h8=Q+ Kd2 47. Rdxd3+ cxd3 48. Qd4 Rc3 49. Re4 Qh1 50. Qe3+ Kc2 51. Rd4 Qh6+ 52. Ke5 Qxe3+ 53. fxe3 d2 54. Rxd2+ Kxd2 55. Kxe6 Rxe3+ 56. Kd5 Rxf3 0-1


[Site "https://www.chess.com"]

[Event "Titled Tuesday Blitz June 07 Early 2022"]
[White "Matinian, Nikita"]
[Black "Zhigalko, Sergei"]
[WhiteFideId "24129100"]
[BlackFideId "13502956"]
[WhiteElo "2422"]
[BlackElo "2662"]
[Result "0-1"]
[Round "11"]
[TimeControl "180+1"]
[Date "2022.06.07"]
[WhiteClock "0:01:03"]
[BlackClock "0:01:48"]

1. e4 c5 2. Nc3 Nc6 3. Bb5 Nd4 4. Nf3 e6 5. O-O a6 6. Bd3 Nxf3+ 7. Qxf3 Bd6 8. a4 Qc7 9. g3 Ne7 10. b3 O-O 11. Bb2 Be5 12. Nd1 b6 13. Bxe5 Qxe5 14. Ne3 Bb7 15. Nc4 Qc7 16. Qh5 f5 17. exf5 Nxf5 18. Rae1 Rf6 19. Bxf5 Rxf5 20. Qh4 Qc6 21. f3 Rxf3 22. Ne3 Rxe3 0-1


[Site "https://www.chess.com"]

[Event "Titled Tuesday Blitz June 07 Early 2022"]
[White "Matlakov, Maxim"]
[Black "Rustemov, Alexander"]
[WhiteFideId "4168003"]
[BlackFideId "4119002"]
[WhiteElo "2669"]
[BlackElo "2793"]
[Result "1-0"]
[Round "11"]
[TimeControl "180+1"]
[Date "2022.06.07"]
[WhiteClock "0:00:06"]
[BlackClock "0:00:06"]

1. d4 d5 2. Nc3 Nf6 3. Bf4 a6 4. e3 c5 5. Be2 Nc6 6. Nf3 Bg4 7. Ne5 Bxe2 8. Nxe2 Qb6 9. O-O e6 10. c4 cxd4 11. Nxd4 Nxd4 12. exd4 dxc4 13. Nxc4 Qb5 14. Nd6+ Bxd6 15. Bxd6 Rd8 16. Ba3 Qd5 17. Rc1 Nd7 18. Qg4 g6 19. Rfe1 h5 20. Qh3 g5 21. Rc7 h4 22. Qg4 Rh6 23. h3 b5 24. Re5 Nxe5 25. Re7+ Kf8 26. Rxe6+ Kg7 27. Rxe5 Qxd4 28. Rxg5+ Rg6 29. Qf5 b4 30. Bxb4 Qxb4 31. Qe5+ Kg8 32. Rh5 Rg7 33. Rg5 f6 34. Rxg7+ Kxg7 35. Qc7+ Kg6 36. Qxd8 Qe1+ 37. Kh2 Qxf2 38. Qd3+ Kg5 39. Qxa6 Qg3+ 40. Kh1 Qe1+ 41. Kh2 Qg3+ 42. Kg1 Qe3+ 43. Kf1 Qc1+ 44. Kf2 Qxb2+ 45. Qe2 Qd4+ 46. Qe3+ 1-0


[Site "https://www.chess.com"]

[Event "Titled Tuesday Blitz June 07 Early 2022"]
[White "Molina, Roberto Junio Brito"]
[Black "Koelle, Tobias"]
[WhiteFideId "2109450"]
[BlackFideId "16207378"]
[WhiteElo "2432"]
[BlackElo "2541"]
[Result "1-0"]
[Round "11"]
[TimeControl "180+1"]
[Date "2022.06.07"]
[WhiteClock "0:00:34"]
[BlackClock "0:00:23"]

1. d4 d5 2. c4 e6 3. Nc3 a6 4. cxd5 exd5 5. Bf4 Nf6 6. e3 c5 7. Nf3 c4 8. Be2 Be7 9. O-O b5 10. Ne5 Bb7 11. Bf3 Nbd7 12. Rc1 O-O 13. h3 Re8 14. Re1 Rc8 15. g4 b4 16. Ne2 Nxe5 17. Bxe5 Bd6 18. Bxd6 Qxd6 19. Ng3 g6 20. Kg2 Ne4 21. Nxe4 dxe4 22. Be2 Bd5 23. Qa4 Re7 24. a3 Rb7 25. axb4 Rxb4 26. Qa3 Rcb8 27. Ra1 R8b6 28. Rec1 Qe6 29. Rc2 g5 30. Rac1 h6 31. Kg1 Kg7 32. Qc3 h5 33. Qd2 h4 34. Qe1 a5 35. Ra1 a4 36. Qc1 Qc6 37. Ra3 Qb5 38. Kg2 Qc6 39. Rac3 Qb7 40. Bxc4 Bxc4 41. Rxc4 Rxb2 42. Rxb2 Rxb2 43. Rxa4 Rb1 44. Qc5 Rb5 45. Ra7 Qb8 46. Qe7 1-0


[Site "https://www.chess.com"]

[Event "Titled Tuesday Blitz June 07 Early 2022"]
[White "Nakamura, Hikaru"]
[Black "Sarana, Alexey"]
[WhiteFideId "2016192"]
[BlackFideId "24133795"]
[WhiteElo "2850"]
[BlackElo "2666"]
[Result "1-0"]
[Round "11"]
[TimeControl "180+1"]
[Date "2022.06.07"]
[WhiteClock "0:00:45"]
[BlackClock "0:00:01"]

1. Nf3 d5 2. e3 Nf6 3. b3 Bf5 4. Bb2 e6 5. g3 h6 6. Bg2 Bd6 7. O-O Bh7 8. d3 Nc6 9. Nbd2 O-O 10. Qe2 Re8 11. e4 e5 12. a3 a5 13. Rfe1 Bc5 14. h3 Ba7 15. c3 d4 16. Rac1 dxc3 17. Bxc3 Nd7 18. b4 axb4 19. axb4 Nf8 20. b5 Nd4 21. Nxd4 Bxd4 22. Bxd4 Qxd4 23. Rxc7 Qb6 24. Rc2 Qxb5 25. Rb1 Qd7 26. Nc4 Rab8 27. h4 b5 28. Ne3 Rec8 29. Nd5 Rxc2 30. Qxc2 Qd6 31. Qc7 Qxc7 32. Nxc7 b4 33. Rb3 Ne6 34. Nd5 Nd4 35. Rxb4 Rxb4 36. Nxb4 g5 37. hxg5 hxg5 38. Bh3 f6 39. Kf1 Kf7 40. Ke1 Bg6 41. Bg4 Kg7 42. Kd2 Be8 43. Nd5 Bc6 44. Ne3 Kf7 45. Bh5+ Ke7 46. Bd1 Bb7 47. Kc3 Bc6 48. Bb3 Kd6 49. Bc4 Ke7 50. Kb4 Kd6 51. Ng4 Ke7 52. Kc5 Bb7 53. Ne3 Bc6 54. Ng4 Bd7 55. Ne3 Bc6 56. Ba2 Bb7 57. Bd5 Ba6 58. Ba2 Bb7 59. Nd1 Ba6 60. Bc4 Bc8 61. Nc3 Be6 62. f4 gxf4 63. gxf4 Bxc4 64. Kxc4 Ne6 65. Nd5+ Kf7 66. f5 Nd4 67. Ne3 Ne2 68. Nd5 Nd4 69. Nc3 Nf3 70. Nb5 Ke7 71. Kc3 Ng5 72. Nc7 Nf3 73. Ne6 Kf7 74. Kc4 Ke7 75. Nc7 Kf7 76. Na6 Ke7 77. Kc5 Ne1 78. Nb4 Nf3 79. Kd5 Ne1 80. Kc6 Ke8 81. Kd6 Kf7 82. Kd7 Nf3 83. Nc6 Ne1 84. Nd8+ Kg7 85. Ke7 Nxd3 86. Ne6+ Kh6 87. Kxf6 Kh5 88. Ke7 Nb4 89. f6 1-0


[Site "https://www.chess.com"]

[Event "Titled Tuesday Blitz June 07 Early 2022"]
[White "Narayanan, Srinath"]
[Black "Bharath Subramaniyam H"]
[WhiteFideId "5018420"]
[BlackFideId "46634827"]
[WhiteElo "2472"]
[BlackElo "2242"]
[Result "1-0"]
[Round "11"]
[TimeControl "180+1"]
[Date "2022.06.07"]
[WhiteClock "0:00:13"]
[BlackClock "0:00:08"]

1. Nf3 Nf6 2. c4 c5 3. g3 e6 4. Bg2 Nc6 5. O-O d5 6. cxd5 exd5 7. d4 cxd4 8. Nxd4 Be7 9. Nc3 O-O 10. Bg5 h6 11. Bxf6 Bxf6 12. Nxc6 bxc6 13. Rc1 Ba6 14. b3 Re8 15. Re1 Qa5 16. Na4 Bb5 17. e4 Bg5 18. f4 Be7 19. exd5 Ba3 20. Rb1 cxd5 21. Re5 Rxe5 22. fxe5 Rd8 23. Qd4 Qc7 24. Kh1 Qc2 25. Rd1 Qxa2 26. Nc3 Qxb3 27. Rb1 Bb2 28. Nxb5 Bxd4 29. Rxb3 Bxe5 30. Rd3 a6 31. Bxd5 axb5 32. Bxf7+ Kxf7 33. Rxd8 b4 34. Rd7+ Ke6 35. Rb7 Bc3 36. Kg2 Kd5 37. Kf3 Kc4 38. Ke2 b3 39. Rc7+ Kb4 40. Kd3 Be5 41. Rb7+ Ka3 42. Kc4 Ka2 43. Rxb3 Bf6 44. h4 Be5 45. h5 Bd6 46. g4 Be5 47. Rb7 Ka3 48. Kd5 Bc3 49. Ke6 1-0


[Site "https://www.chess.com"]

[Event "Titled Tuesday Blitz June 07 Early 2022"]
[White "Nesterov, Arseniy"]
[Black "Alinasab, Mobina"]
[WhiteFideId "24198455"]
[BlackFideId "12528897"]
[WhiteElo "2489"]
[BlackElo "2031"]
[Result "0-1"]
[Round "11"]
[TimeControl "180+1"]
[Date "2022.06.07"]
[WhiteClock "0:00:07"]
[BlackClock "0:00:07"]

1. d4 d5 2. c4 e6 3. Nc3 c5 4. cxd5 exd5 5. Nf3 Nf6 6. g3 Nc6 7. Bg2 cxd4 8. Nxd4 Bc5 9. Nb3 Bb6 10. Na4 O-O 11. Nxb6 Qxb6 12. Be3 Qb4+ 13. Qd2 Qxd2+ 14. Bxd2 Ne4 15. Be3 Rd8 16. Nd4 Nxd4 17. Bxd4 Be6 18. f3 Nd6 19. b3 Nb5 20. Bb2 Rac8 21. Kd2 d4 22. Rhc1 Nc3 23. e4 dxe3+ 24. Kxe3 Nd5+ 25. Ke2 Nb4 26. Rxc8 Rxc8 27. Kf1 Rc2 28. Rd1 h6 29. Rd8+ Kh7 30. Bd4 Nc6 31. Rd6 Nxd4 32. Rxd4 Rxa2 33. b4 b6 34. f4 h5 35. Kg1 g6 36. Bd5 Bxd5 37. Rxd5 a5 38. Rb5 Rb2 39. Rxb6 axb4 40. h3 Kg7 41. g4 hxg4 42. hxg4 b3 43. Kf1 Kf8 44. Rb7 Ke8 45. Kg1 Rb1+ 46. Kg2 b2 47. f5 gxf5 48. gxf5 Kd8 49. f6 Kc8 50. Rb3 Kd7 51. Kh2 Ke6 52. Rb6+ Kf5 53. Kg2 Ke4 54. Rb7 Ke3 55. Re7+ Kd2 56. Rb7 Kc3 57. Rc7+ Kd4 58. Rd7+ Ke5 59. Rb7 Kxf6 60. Rb5 Kg6 61. Rb6+ Kg5 62. Rb5+ f5 63. Ra5 Kg4 64. Ra8 f4 65. Rg8+ Kf5 66. Rf8+ Ke4 67. Re8+ Kd4 68. Rd8+ Ke5 69. Re8+ Kf6 70. Rf8+ Kg7 71. Rb8 f3+ 72. Kf2 Rh1 73. Rb7+ Kf6 74. Rb6+ Kf5 75. Rb5+ Kg4 76. Rb4+ Kh3 77. Rb8 b1=Q 78. Rh8+ Kg4 79. Rg8+ Kf5 80. Rf8+ Ke6 81. Re8+ Kd7 82. Re3 Qf1+ 83. Kg3 Rg1+ 84. Kf4 Qc1 85. Kxf3 Rf1+ 86. Ke4 Re1 87. Kd5 Rxe3 88. Kd4 Qc3+ 89. Kd5 Re5# 0-1


[Site "https://www.chess.com"]

[Event "Titled Tuesday Blitz June 07 Early 2022"]
[White "Pakleza, Zbigniew"]
[Black "Gong, Patrick"]
[WhiteFideId "1119290"]
[BlackFideId "3222500"]
[WhiteElo "2467"]
[BlackElo "2103"]
[Result "1-0"]
[Round "11"]
[TimeControl "180+1"]
[Date "2022.06.07"]
[WhiteClock "0:02:22"]
[BlackClock "0:01:32"]

1. d4 Nf6 2. Nf3 c5 3. c3 d5 4. Bf4 e6 5. e3 Bd6 6. Bg3 O-O 7. Nbd2 Qc7 8. Ne5 Nbd7 9. f4 b6 10. Bd3 Bb7 11. Qf3 a5 12. a4 Ba6 13. Bxa6 Rxa6 14. O-O Raa8 15. h3 Rab8 16. Qe2 Ne4 17. Nxe4 dxe4 18. Nc4 f5 19. Bh4 Rfc8 20. Na3 Be7 1-0


[Site "https://www.chess.com"]

[Event "Titled Tuesday Blitz June 07 Early 2022"]
[White "Papasimakopoulos, Alexandros"]
[Black "Stribuk, Artiom"]
[WhiteFideId "4244125"]
[BlackFideId "13515659"]
[WhiteElo "2340"]
[BlackElo "2259"]
[Result "1/2-1/2"]
[Round "11"]
[TimeControl "180+1"]
[Date "2022.06.07"]
[WhiteClock "0:00:16"]
[BlackClock "0:00:11"]

1. d4 Nf6 2. c4 c5 3. d5 b5 4. Nf3 g6 5. cxb5 a6 6. e3 Bg7 7. Nc3 O-O 8. a4 e6 9. Ra3 Bb7 10. e4 exd5 11. exd5 Re8+ 12. Be2 axb5 13. axb5 Rxa3 14. bxa3 Qa5 15. Bd2 Qxa3 16. O-O Nxd5 17. Nxd5 Bxd5 18. Be3 Qb3 19. Qd2 Bc3 20. Qd3 Be4 21. Qd6 c4 22. b6 Bb4 23. Qd4 c3 24. Bh6 Bf8 25. Bxf8 Kxf8 26. Bc4 Qb4 27. Qh8+ Ke7 28. Qe5+ Kf8 29. Qh8+ Ke7 30. Qd4 d5 31. Qe5+ Kf8 32. Qh8+ Ke7 33. Qe5+ Kf8 34. Qh8+ Ke7 35. Qe5+ 1/2-1/2


[Site "https://www.chess.com"]

[Event "Titled Tuesday Blitz June 07 Early 2022"]
[White "Prokofiev, Valentyn"]
[Black "Thavandiran, Shiyam"]
[WhiteFideId "14160161"]
[BlackFideId "2605058"]
[WhiteElo "2142"]
[BlackElo "2357"]
[Result "1-0"]
[Round "11"]
[TimeControl "180+1"]
[Date "2022.06.07"]
[WhiteClock "0:00:57"]
[BlackClock "0:00:02"]

1. d4 Nf6 2. c4 d6 3. Nc3 Nbd7 4. Nf3 e5 5. e3 g6 6. b3 Bg7 7. Bb2 O-O 8. Be2 Re8 9. O-O e4 10. Nd2 Nf8 11. Qc2 Bf5 12. Rfc1 c6 13. b4 h5 14. Qd1 h4 15. h3 N8h7 16. Bf1 Ng5 17. a4 Qd7 18. b5 Bh6 19. a5 Rac8 20. a6 bxa6 21. Rxa6 c5 22. dxc5 dxc5 23. Nb3 Qe7 24. Qc2 Red8 25. Rca1 Bxh3 26. Rxf6 Qxf6 27. Nxe4 Qf5 28. Nf6+ Kf8 29. e4 Qf4 30. Rxa7 Bg7 31. Nd5 Bxb2 32. Nxf4 Be5 33. Nxh3 Nxh3+ 34. gxh3 1-0


[Site "https://www.chess.com"]

[Event "Titled Tuesday Blitz June 07 Early 2022"]
[White "Sapunov, Evgeny"]
[Black "Vokhidov, Shamsiddin"]
[WhiteFideId "4126661"]
[BlackFideId "14204223"]
[WhiteElo "2470"]
[BlackElo "2611"]
[Result "0-1"]
[Round "11"]
[TimeControl "180+1"]
[Date "2022.06.07"]
[WhiteClock "0:00:18"]
[BlackClock "0:01:03"]

1. c4 e5 2. Nf3 e4 3. Nd4 Nc6 4. Nc2 Nf6 5. Nc3 Bc5 6. g3 O-O 7. Bg2 Re8 8. O-O d6 9. Ne3 h6 10. b3 a6 11. h3 Nd4 12. d3 exd3 13. Qxd3 c6 14. Bb2 Ba7 15. Rad1 Nd7 16. Ne4 Ne5 17. Qd2 c5 18. Bxd4 cxd4 19. Nc2 d3 20. exd3 Bxh3 21. Nc3 Bg4 22. Rde1 Qf6 23. Nd5 Nf3+ 24. Bxf3 Qxf3 25. d4 Bh3 26. Nf4 Bxf1 27. Rxf1 Re4 28. Ne1 Qg4 29. Nc2 Rae8 30. Qd3 Rxf4 0-1


[Site "https://www.chess.com"]

[Event "Titled Tuesday Blitz June 07 Early 2022"]
[White "Shimelkov, Vasiliy"]
[Black "Santos Ruiz, Miguel"]
[WhiteFideId "13701630"]
[BlackFideId "22291482"]
[WhiteElo "2073"]
[BlackElo "2475"]
[Result "1/2-1/2"]
[Round "11"]
[TimeControl "180+1"]
[Date "2022.06.07"]
[WhiteClock "0:00:09"]
[BlackClock "0:01:38"]

1. d4 f5 2. c4 e6 3. g3 Nf6 4. Bg2 Bb4+ 5. Bd2 Bxd2+ 6. Nxd2 O-O 7. e3 Nc6 8. Ne2 d6 9. O-O e5 10. d5 Nb8 11. b4 a5 12. a3 Na6 13. Nb3 axb4 14. axb4 Bd7 15. Qd2 Qe7 16. Ra2 b5 17. Rfa1 bxc4 18. Nbc1 Bb5 19. Nc3 Qd7 20. Ra5 Rfb8 21. Nxb5 Rxb5 22. Rxa6 Rxa6 23. Rxa6 e4 24. Na2 Rxd5 25. Qc2 Qb5 26. Ra8+ Kf7 27. Nc3 Qxb4 28. Nxd5 Nxd5 29. Ra4 Qe1+ 30. Bf1 c3 31. Qb3 c6 32. Qb7+ Kg6 33. Qxc6 Nxe3 34. Qxd6+ Kh5 35. Qa6 c2 36. Qe2+ Qxe2 37. Bxe2+ Kg5 38. Ra1 Nd5 39. Rc1 Nb4 40. Bc4 f4 41. Bb3 e3 42. fxe3 fxe3 43. Kf1 Kg4 44. Ke2 Kh3 45. Bxc2 Kxh2 46. Bxh7 Kxg3 47. Rg1+ Kf4 48. Rxg7 Nd5 49. Rf7+ Ke5 50. Rf8 Kd4 51. Rd8 Ke5 52. Bd3 Kd4 53. Bb1 Ke5 54. Kd3 e2 55. Re8+ Kd6 56. Kd2 Nf4 57. Rf8 Ke5 58. Ba2 Nd3 59. Kxe2 Nc1+ 60. Kd2 Nxa2 61. Rc8 Nb4 62. Ke3 Nd5+ 63. Kd3 Nf4+ 64. Kc4 Ke4 65. Kb5 Kd5 66. Re8 Ne6 67. Rh8 Nd4+ 68. Kb4 Nc6+ 69. Kc3 Ne5 70. Kd2 Ke4 71. Ke2 Kd4 72. Kd2 Ke4 73. Ke2 Kd4 74. Rh4+ Kd5 75. Ke3 Nc4+ 76. Kd3 Ne5+ 77. Kc3 Kc5 78. Rh5 Kd5 79. Kd2 Ke4 80. Ke2 Kf4 81. Rh8 Ke4 82. Re8 Kd4 83. Kd2 Ke4 84. Ke2 Kd4 85. Kd2 Nc4+ 86. Kc2 Ne5 87. Kd2 1/2-1/2


[Site "https://www.chess.com"]

[Event "Titled Tuesday Blitz June 07 Early 2022"]
[White "Skliarov, Viktor"]
[Black "Khamdamova, Afruza"]
[WhiteFideId "14106736"]
[BlackFideId "14210444"]
[WhiteElo "2229"]
[BlackElo "1660"]
[Result "1/2-1/2"]
[Round "11"]
[TimeControl "180+1"]
[Date "2022.06.07"]
[WhiteClock "0:00:05"]
[BlackClock "0:00:09"]

1. e4 e5 2. Nc3 Nf6 3. Bc4 Nc6 4. d3 Bc5 5. a3 a5 6. h3 d6 7. Nge2 h6 8. Ng3 O-O 9. O-O Nd4 10. Nd5 c6 11. Nxf6+ Qxf6 12. c3 Ne6 13. Be3 Nf4 14. b4 Ba7 15. Nh5 Qg5 16. Bxf4 exf4 17. Qf3 b5 18. Ba2 axb4 19. axb4 Be6 20. Nxf4 Bxa2 21. Rxa2 Bb6 22. Rfa1 Rxa2 23. Rxa2 f5 24. Ne6 Qc1+ 25. Kh2 Re8 26. Qxf5 Qxc3 27. Ra6 Bxf2 28. Qxf2 Rxe6 29. Ra8+ Kh7 30. Qf5+ Rg6 31. Re8 Qd2 32. Rh8+ Kxh8 33. Qxg6 Qxd3 34. h4 Qd4 35. h5 Qf6 36. Qe8+ Kh7 37. Qxc6 Qf4+ 38. Kh1 Qh4+ 39. Kg1 Qe1+ 40. Kh2 Qxb4 41. Qd5 Qc4 42. Qf5+ Kh8 43. Qf8+ Qg8 44. Qxd6 b4 45. Qxb4 Qe8 46. Qc5 Qxe4 47. Qc8+ Kh7 48. Qh3 Qf4+ 49. Kh1 Qc1+ 50. Kh2 Qf4+ 51. Kh1 Qc1+ 52. Kh2 Qf4+ 1/2-1/2


[Site "https://www.chess.com"]

[Event "Titled Tuesday Blitz June 07 Early 2022"]
[White "Svane, Frederik"]
[Black "Svane, Rasmus"]
[WhiteFideId "12923044"]
[BlackFideId "4657101"]
[WhiteElo "2459"]
[BlackElo "2674"]
[Result "0-1"]
[Round "11"]
[TimeControl "180+1"]
[Date "2022.06.07"]
[WhiteClock "0:00:42"]
[BlackClock "0:00:24"]

1. e4 c6 2. Nf3 d5 3. exd5 cxd5 4. d4 Nc6 5. c3 Qc7 6. g3 Bf5 7. Bf4 Qd7 8. Bd3 Bxd3 9. Qxd3 e6 10. Nbd2 Nge7 11. h4 Nf5 12. g4 Nd6 13. h5 h6 14. O-O-O Be7 15. Kb1 O-O-O 16. Ne5 Nxe5 17. Bxe5 Rhg8 18. f3 Qb5 19. Qc2 Qc6 20. Qd3 Kb8 21. Rde1 Ka8 22. f4 Rc8 23. f5 exf5 24. gxf5 Bg5 25. Bxd6 Bxd2 26. Qxd2 Qxd6 27. Qh2 Qd7 28. Qf4 Rce8 29. a3 a6 30. Ka2 Qc6 31. Qf3 Re4 32. Rxe4 dxe4 33. Qe3 Qd5+ 34. Kb1 Qxf5 35. Rh4 Qf1+ 36. Kc2 f5 37. Rf4 Qg2+ 38. Qf2 Qxf2+ 39. Rxf2 Rf8 40. Rf4 b5 41. Kd2 Kb7 42. Ke3 Kc6 43. Rf2 Kd5 44. b3 Rf6 45. Kf4 Rc6 46. Rc2 a5 47. Kxf5 Rf6+ 48. Kg4 e3 49. Rc1 Ke4 50. c4 bxc4 51. bxc4 Kxd4 52. c5 e2 0-1


[Site "https://www.chess.com"]

[Event "Titled Tuesday Blitz June 07 Early 2022"]
[White "Terry, Renato"]
[Black "Suleymanli, Aydin"]
[WhiteFideId "3803457"]
[BlackFideId "13413937"]
[WhiteElo "2577"]
[BlackElo "2481"]
[Result "1-0"]
[Round "11"]
[TimeControl "180+1"]
[Date "2022.06.07"]
[WhiteClock "0:00:06"]
[BlackClock "0:00:06"]

1. e4 c6 2. Nf3 d5 3. exd5 cxd5 4. Ne5 a6 5. d4 Nc6 6. c3 Nxe5 7. dxe5 e6 8. Bd3 g6 9. Nd2 Bg7 10. Nf3 Ne7 11. h4 h6 12. Be3 Bd7 13. Qd2 Nc6 14. Bf4 Qc7 15. Qe3 g5 16. hxg5 hxg5 17. Rxh8+ Bxh8 18. Nxg5 Bxe5 19. Bxe5 Qxe5 20. Kd2 Ke7 21. f4 Qxe3+ 22. Kxe3 f6 23. Nf3 Rg8 24. Kf2 e5 25. Re1 e4 26. Nd2 f5 27. Nb3 Nd8 28. Be2 Ne6 29. g3 Ba4 30. Nd2 Rh8 31. Nf1 d4 32. cxd4 Nxd4 33. Bc4 Bc6 34. Rd1 Nf3 35. Be2 Ke6 36. a3 Bd5 37. Rc1 Kd6 38. Rd1 Ke6 39. b4 Rh7 40. a4 Rc7 41. Ne3 Bb3 42. Rh1 Nd4 43. Rh6+ Kd7 44. a5 Rc1 45. g4 Nxe2 46. Kxe2 fxg4 47. Rg6 Rb1 48. Kd2 Ba4 49. Kc3 Rb3+ 50. Kd4 Rxb4+ 51. Ke5 Rb5+ 52. Kd4 Rxa5 53. f5 Bc6 54. Rg7+ Ke8 55. f6 Kf8 56. Nxg4 Rf5 57. Rc7 Rf4 58. Ne5 e3+ 59. Kd3 Rxf6 60. Kxe3 Re6 61. Kf4 Bh1 62. Kf5 Rd6 63. Kf4 Bd5 64. Rh7 Ke8 65. Rh8+ Ke7 66. Ke3 Re6 67. Kd4 Bg2 68. Rg8 Bh1 69. Rh8 Rd6+ 70. Ke3 Bd5 71. Rh7+ Kd8 72. Rg7 Bc6 73. Nf7+ Kc7 74. Nxd6+ Kxd6 75. Kd4 a5 76. Rg6+ Kc7 77. Kc4 b6 78. Rh6 Bd7 79. Rf6 Bc6 80. Kd4 Bd7 81. Kd5 a4 82. Kc4 Bc6 83. Kd4 Kd7 84. Ke5 Kc7 85. Rf7+ Bd7 86. Kd5 a3 87. Rf2 Be8 88. Kc4 a2 89. Rf1 Kd6 90. Kb3 Bf7+ 91. Kb2 Bc4 92. Rc1 Kc5 93. Rg1 b5 94. Rg5+ Kb4 95. Rg3 Ka4 96. Rh3 b4 97. Rh8 Kb5 98. Rb8+ Kc5 99. Rc8+ Kd4 100. Rh8 Be6 101. Re8 Bd5 102. Rc8 b3 103. Rc7 Bc4 104. Rd7+ Bd5 105. Rg7 Be6 106. Rg3 Kc4 107. Re3 Bd5 108. Re1 Kb4 109. Rd1 Bc4 110. Rd8 a1=Q+ 111. Kxa1 Kc3 112. Rb8 Bd5 113. Rb6 Bc4 114. Kb1 Bd3+ 115. Kc1 Bc4 116. Rb7 Be6 117. Rc7+ Bc4 118. Rc8 b2+ 119. Kb1 Kb3 120. Rb8+ Kc3 121. Rxb2 Bd3+ 122. Kc1 Be4 123. Rh2 Kd3 124. Kd1 Bf3+ 125. Ke1 Bd5 126. Rh3+ Kc2 127. Ke2 Bc4+ 128. Ke3 Bb5 129. Rh5 Bc4 130. Rc5 Kc3 131. Rc7 Kb4 132. Kd4 Ba6 133. Rc6 Bf1 134. Rb6+ Ka3 135. Kc3 Ka4 136. Rb1 Be2 137. Rb8 Bf1 138. Re8 Bg2 139. Re5 Bh1 140. Rf5 Bb7 141. Kc4 Be4 142. Rf8 Ka3 143. Re8 Bc2 144. Re2 Bb1 145. Kc3 Ka4 146. Re7 Ka5 147. Rb7 Be4 148. Re7 Bc6 149. Kc4 Kb6 150. Re6 Kc7 151. Kc5 Bf3 152. Re7+ Kd8 153. Kd6 Bh1 154. Rh7 Bc6 155. Rh8+ Be8 156. Rg8 Kc8 157. Rxe8+ Kb7 158. Rd8 1-0


[Site "https://www.chess.com"]

[Event "Titled Tuesday Blitz June 07 Early 2022"]
[White "Urazayev, Arystanbek"]
[Black "Djokic, Mihailo"]
[WhiteFideId "13709810"]
[BlackFideId "976440"]
[WhiteElo "2422"]
[BlackElo "2255"]
[Result "0-1"]
[Round "11"]
[TimeControl "180+1"]
[Date "2022.06.07"]
[WhiteClock "0:00:04"]
[BlackClock "0:02:38"]

1. e4 c5 2. Nf3 d6 3. d4 cxd4 4. Nxd4 Nf6 5. Nc3 g6 6. Be3 Bg7 7. f3 O-O 8. Qd2 Nc6 9. O-O-O Bd7 10. h4 Rc8 11. h5 Nxh5 12. g4 Ng3 13. Rh3 Nxf1 14. Rxf1 Ne5 15. Bh6 Nc4 16. Qd3 Qb6 17. Nb3 Nxb2 18. Kxb2 Rxc3 19. Qxc3 Bxc3+ 20. Kxc3 Rc8+ 21. Kb2 a5 22. a4 Bxa4 23. Ra1 Rxc2+ 24. Kxc2 Qxb3+ 25. Kd2 Qb2+ 26. Ke3 Qc3+ 27. Kf2 Qxa1 28. Rh2 Qd4+ 29. Kg3 f5 30. gxf5 gxf5 31. exf5 Kf7 32. Bf4 Qg7+ 33. Kf2 e5 34. fxe6+ Kxe6 35. Rh6+ Kf5 0-1


[Site "https://www.chess.com"]

[Event "Titled Tuesday Blitz June 07 Early 2022"]
[White "Volkov, Maksim"]
[Black "Morefield, Jason"]
[WhiteFideId "54123070"]
[BlackFideId "30920825"]
[WhiteElo "2155"]
[BlackElo "2171"]
[Result "0-1"]
[Round "11"]
[TimeControl "180+1"]
[Date "2022.06.07"]
[WhiteClock "0:00:15"]
[BlackClock "0:00:06"]

1. d4 Nf6 2. c4 e6 3. g3 Bb4+ 4. Bd2 Be7 5. Bg2 d5 6. Nf3 O-O 7. O-O c6 8. Qc2 Nbd7 9. Rc1 b6 10. a4 Ba6 11. b3 Rc8 12. a5 c5 13. axb6 Qxb6 14. Qa2 Bb7 15. e3 dxc4 16. bxc4 Bxf3 17. Bxf3 cxd4 18. exd4 Qxd4 19. Be3 Qe5 20. Qxa7 Bc5 21. Bxc5 Nxc5 22. Nd2 h5 23. Rab1 h4 24. Kg2 Qf5 25. Rb5 Qd3 26. Rxc5 Rxc5 27. Qxc5 Qxd2 28. Qe3 Qxe3 29. fxe3 hxg3 30. hxg3 Rc8 31. Bb7 Rc5 32. Kf3 Kf8 33. Ba6 Ke7 34. Rd1 Nd7 35. Ke4 Rc7 36. Bb5 Nc5+ 37. Kf4 f6 38. Ra1 g5+ 39. Kg4 Nd3 40. Kf3 Ne5+ 41. Ke2 f5 42. Rc1 Rc5 43. Kd2 Ng4 44. Kd3 Re5 45. Re1 Kd6 46. Kd4 Re4+ 47. Kd3 Ne5+ 48. Kc3 Kc5 49. Ba6 Nxc4 50. Kd3 Ne5+ 51. Kd2 Nf3+ 52. Ke2 Nxe1 53. Kxe1 Rxe3+ 54. Kf2 Kd4 55. Be2 f4 56. Bf3 fxg3+ 57. Kxg3 Rxf3+ 58. Kg4 Rf4+ 0-1


[Site "https://www.chess.com"]

[Event "Titled Tuesday Blitz June 07 Early 2022"]
[White "Wagner, Dennis"]
[Black "Przybylski, Wojciech"]
[WhiteFideId "24650684"]
[BlackFideId "1117599"]
[WhiteElo "2355"]
[BlackElo "2133"]
[Result "1-0"]
[Round "11"]
[TimeControl "180+1"]
[Date "2022.06.07"]
[WhiteClock "0:00:33"]
[BlackClock "0:00:02"]

1. e4 e5 2. Nf3 Nf6 3. Nxe5 d6 4. Nf3 Nxe4 5. d4 d5 6. Bd3 Bd6 7. O-O O-O 8. c4 c6 9. Nc3 Nxc3 10. bxc3 Bg4 11. h3 Bh5 12. cxd5 cxd5 13. Rb1 Nd7 14. Rb5 Nb6 15. c4 Bxf3 16. Qxf3 dxc4 17. Be4 Qd7 18. Rh5 g6 19. Ra5 Rfb8 20. Rd1 Bb4 21. Bh6 Re8 22. Bxb7 Rad8 23. Bc6 Qe6 24. Re5 Qc8 25. Bxe8 Rxe8 26. Rxe8+ Qxe8 27. d5 c3 28. Qf6 Bf8 29. Bxf8 Qxf8 30. Qxc3 Nc8 31. Qc7 Nd6 32. Qxa7 Qd8 33. Qc5 Ne4 34. Qd4 Nd6 35. Qb4 Qc7 36. a4 h6 37. a5 Qa7 38. Qb6 Qd7 39. a6 Nc4 40. Qc6 Qa7 41. Qxc4 Kh7 42. d6 Kg7 43. d7 Qd4 44. Qxd4+ 1-0


[Site "https://www.chess.com"]

[Event "Titled Tuesday Blitz June 07 Early 2022"]
[White "Xu, Yi"]
[Black "Abarca Gonzalez, Nicolas"]
[WhiteFideId "8605564"]
[BlackFideId "3409422"]
[WhiteElo "2471"]
[BlackElo "2504"]
[Result "1-0"]
[Round "11"]
[TimeControl "180+1"]
[Date "2022.06.07"]
[WhiteClock "0:00:10"]
[BlackClock "0:00:11"]

1. e4 c5 2. Nf3 d6 3. d4 cxd4 4. Nxd4 Nf6 5. Nc3 g6 6. Be3 Bg7 7. f3 O-O 8. Qd2 Nc6 9. Bc4 Ne5 10. Bb3 Bd7 11. O-O-O Qa5 12. Kb1 Rfc8 13. h4 Nc4 14. Bxc4 Rxc4 15. Nb3 Qc7 16. g4 Be6 17. Nd5 Bxd5 18. exd5 a5 19. g5 Nh5 20. Bd4 a4 21. Bxg7 Kxg7 22. Nd4 Ra5 23. Ne2 Rac5 24. c3 Qd7 25. Qd3 Nf4 26. Nxf4 Rxf4 27. a3 Qf5 28. Qxf5 Rxf5 29. Rhe1 Kf8 30. Re4 b5 31. f4 Rcxd5 32. Rxd5 Rxd5 33. c4 bxc4 34. Rxc4 Ra5 35. Kc2 Ke8 36. Rc7 Rc5+ 37. Rxc5 dxc5 38. b3 axb3+ 39. Kxb3 Kd7 40. Kc4 Kc6 41. a4 f6 42. a5 fxg5 43. hxg5 e6 44. a6 Kb6 45. a7 Kxa7 46. Kxc5 Kb7 47. Kd6 Kb6 48. Kxe6 Kc5 49. Kf6 Kd5 50. Kg7 1-0


[Site "https://www.chess.com"]